MID
QUAD CITIES RIVER BANDITS @ GREENVILLE DRIVE
09/14/2049
 
TOP OF THE 1ST
Quad Cities River Bandits batting - Pitching for Greenville Drive : RHP Michael Vazquez
Pitching: RHP Michael Vazquez
Batting: RHB Xavier Castaneda 0-0: Ground out 6-3 (Groundball, 6, EV 84.4 MPH)
Batting: RHB Sean Mounts 0-0: Called Strike
0-1: Ball
1-1: Bunted foul
1-2: Strikes out looking
Batting: LHB Bob Dietz 0-0: Ball
1-0: Swinging Strike
1-1: Ball
2-1: Ground out 1-3 (Groundball, 13, EV 71.2 MPH)
Top of the 1st over - 0 runs, 0 hits, 0 errors, 0 left on base; Quad Cities 0 - Greenville 0
BOTTOM OF THE 1ST
Greenville Drive batting - Pitching for Quad Cities River Bandits : LHP Kentaro Shimasaki
Pitching: LHP Kentaro Shimasaki
Batting: RHB Aukukero Tairi 0-0: Foul Ball, location: 2F
0-1: Ball
1-1: Foul Ball, location: 2F
1-2: Strikes out swinging
Batting: SHB Salvador Padilla 0-0: Ground out 5-3 (Groundball, 56, EV 84.4 MPH)
Batting: RHB Alex Cardenas 0-0: Ball
1-0: Swinging Strike
1-1: SINGLE (Groundball, 34D, EV 104.4 MPH)
Batting: LHB Kien-lung Zou 0-0: Ball
1-0: Called Strike
1-1: Ball
2-1: Ground out 4-3 (Groundball, 34, EV 78.8 MPH)
Bottom of the 1st over - 0 runs, 1 hit, 0 errors, 1 left on base; Quad Cities 0 - Greenville 0
TOP OF THE 2ND
Quad Cities River Bandits batting - Pitching for Greenville Drive : RHP Michael Vazquez
Batting: RHB Duncan Collins 0-0: Ball
1-0: Ball
2-0: Ball
3-0: Called Strike
3-1: Called Strike
3-2: SINGLE (Flyball, 9LS, EV 90.6 MPH)
Batting: RHB Cameron Rattenbury 0-0: Ball
1-0: Ball
2-0: SINGLE (Groundball, 34D, EV 105.6 MPH)
Duncan Collins to second
Runner from 2nd tries for 3rd, SAFE, throw by RF made at trailing runner, OUT! 9-6
Batting: RHB Andrew Pride 0-0: Ball
1-0: Ball
2-0: Ball
3-0: Base on Balls
Batting: RHB Omar Amaya 0-0: Ball
1-0: Ball
2-0: Foul Ball, location: 2F
2-1: Ball
Andrew Pride is caught stealing 2nd base 2-4
3-1: Swinging Strike
3-2: Strikes out swinging
Top of the 2nd over - 0 runs, 2 hits, 0 errors, 1 left on base; Quad Cities 0 - Greenville 0
BOTTOM OF THE 2ND
Greenville Drive batting - Pitching for Quad Cities River Bandits : LHP Kentaro Shimasaki
Batting: RHB Mario Arriero 0-0: Called Strike
0-1: Ball
1-1: Ground out 5-3 (Groundball, 5, EV 101.2 MPH)
Batting: SHB Robert Soto 0-0: Ball
1-0: Ground out 1-3 (Groundball, 34S, EV 67.5 MPH)
Batting: RHB Matt Parker 0-0: Ball
1-0: Ball
2-0: Ball
3-0: Swinging Strike
3-1: Foul Ball, location: 2F
3-2: Base on Balls
Batting: LHB Robert Gonzalez 0-0: Foul Ball, location: 2F
0-1: Swinging Strike
0-2: Ball
1-2: Ball
2-2: Ground out 5-3 (Groundball, 5S, EV 84.4 MPH)
Bottom of the 2nd over - 0 runs, 0 hits, 0 errors, 1 left on base; Quad Cities 0 - Greenville 0
TOP OF THE 3RD
Quad Cities River Bandits batting - Pitching for Greenville Drive : RHP Michael Vazquez
Batting: SHB Benoît Morin 0-0: Swinging Strike
0-1: Ball
1-1: Ground out 2-3 (Groundball, 15S, EV 65.0 MPH)
Batting: RHB Oren Jones 0-0: Fly out, F9 (Flyball, 9S, EV 86.2 MPH)
Batting: RHB Xavier Castaneda 0-0: Ball
1-0: Foul Ball, location: 2F
1-1: Called Strike
1-2: DOUBLE (Line Drive, 78D, EV 101.9 MPH)
Batting: RHB Sean Mounts 0-0: Fly out, F9 (Flyball, 9S, EV 86.9 MPH)
Top of the 3rd over - 0 runs, 1 hit, 0 errors, 1 left on base; Quad Cities 0 - Greenville 0
BOTTOM OF THE 3RD
Greenville Drive batting - Pitching for Quad Cities River Bandits : LHP Kentaro Shimasaki
Batting: SHB Matsudaira Ikeda 0-0: Ball
1-0: Ball
2-0: Called Strike
2-1: Swinging Strike
2-2: Ball
3-2: Strikes out swinging
Batting: RHB Aukukero Tairi 0-0: Called Strike
0-1: Ball
1-1: Ball
2-1: Foul Ball, location: 2F
2-2: Ball
3-2: Fly out, F9 (Flyball, 9S, EV 79.4 MPH)
Batting: SHB Salvador Padilla 0-0: Ball
1-0: Ball
2-0: Called Strike
2-1: Ball
3-1: Base on Balls
Batting: RHB Alex Cardenas 0-0: Called Strike
0-1: SINGLE (Line Drive, 89S, EV 97.5 MPH)
Salvador Padilla to second
Batting: LHB Kien-lung Zou 0-0: Called Strike
0-1: SINGLE (Line Drive, 56, EV 98.8 MPH)
Salvador Padilla to third
Alex Cardenas to second
Batting: RHB Mario Arriero 0-0: Ball
1-0: Called Strike
1-1: Ball
2-1: Ball
3-1: Called Strike
3-2: Fly out, F8 (Flyball, 8RM, EV 88.8 MPH)
Bottom of the 3rd over - 0 runs, 2 hits, 0 errors, 3 left on base; Quad Cities 0 - Greenville 0
TOP OF THE 4TH
Quad Cities River Bandits batting - Pitching for Greenville Drive : RHP Michael Vazquez
Batting: LHB Bob Dietz 0-0: Ball
1-0: Ball
2-0: Swinging Strike
2-1: Foul Ball, location: 2F
2-2: Foul Ball, location: 2F
2-2: DOUBLE (Line Drive, 9LM, EV 114.4 MPH)
Batting: RHB Duncan Collins 0-0: Foul Ball, location: 2F
0-1: Ball
1-1: Swinging Strike
1-2: Foul Ball, location: 2F
1-2: Ball
2-2: SINGLE (Groundball, 34D, EV 95.0 MPH)
Bob Dietz to third
Batting: RHB Cameron Rattenbury 0-0: Ball
1-0: Swinging Strike
1-1: Ball
2-1: Foul Ball, location: 2F
2-2: Strikes out swinging
Batting: RHB Andrew Pride 0-0: Ball
1-0: Ball
2-0: Called Strike
2-1: Called Strike
2-2: Ball
3-2: Strikes out swinging
Batting: RHB Omar Amaya 0-0: Called Strike
0-1: Ball
1-1: SINGLE (Groundball, 34S, EV 85.6 MPH) (infield hit)
Bob Dietz scores
Duncan Collins to second
Batting: SHB Benoît Morin 0-0: Fly out, F7 (Flyball, 7, EV 78.8 MPH)
Top of the 4th over - 1 run, 3 hits, 0 errors, 2 left on base; Quad Cities 1 - Greenville 0
BOTTOM OF THE 4TH
Greenville Drive batting - Pitching for Quad Cities River Bandits : LHP Kentaro Shimasaki
Batting: SHB Robert Soto 0-0: Ball
1-0: Ball
2-0: Foul Ball, location: 2F
2-1: Ball
3-1: Base on Balls
Batting: RHB Matt Parker 0-0: Called Strike
0-1: Ball
1-1: DOUBLE (Flyball, 89D, EV 112.5 MPH)
Robert Soto to third
Batting: LHB Robert Gonzalez 0-0: Foul Ball, location: 2F
0-1: Hit by Pitch
Batting: SHB Matsudaira Ikeda 0-0: Ball
1-0: Swinging Strike
1-1: Ball
2-1: Swinging Strike
2-2: Foul Ball, location: 2F
2-2: Strikes out swinging
Batting: RHB Aukukero Tairi 0-0: Ball
1-0: Ball
2-0: Called Strike
2-1: Foul Ball, location: 2F
2-2: Foul Ball, location: 2F
2-2: Strikes out swinging
Batting: SHB Salvador Padilla 0-0: Ground out 4-3 (Groundball, 34, EV 101.2 MPH)
Bottom of the 4th over - 0 runs, 1 hit, 0 errors, 3 left on base; Quad Cities 1 - Greenville 0
TOP OF THE 5TH
Quad Cities River Bandits batting - Pitching for Greenville Drive : RHP Michael Vazquez
Batting: RHB Oren Jones 0-0: Swinging Strike
0-1: Called Strike
0-2: Ground out 6-3 (Groundball, 56, EV 81.2 MPH)
Batting: RHB Xavier Castaneda 0-0: Ball
1-0: Ball
2-0: Called Strike
2-1: Ball
3-1: Called Strike
3-2: Ground out 6-3 (Groundball, 6M, EV 88.1 MPH)
Batting: RHB Sean Mounts 0-0: Called Strike
0-1: SINGLE (Groundball, 34D, EV 94.4 MPH)
Batting: LHB Bob Dietz 0-0: Called Strike
0-1: Ball
1-1: Ball
Sean Mounts steals 2nd base
2-1: Foul Ball, location: 2F
2-2: Strikes out looking
Top of the 5th over - 0 runs, 1 hit, 0 errors, 1 left on base; Quad Cities 1 - Greenville 0
BOTTOM OF THE 5TH
Greenville Drive batting - Pitching for Quad Cities River Bandits : LHP Kentaro Shimasaki
Batting: RHB Alex Cardenas 0-0: Ball
1-0: Ball
2-0: Called Strike
2-1: Foul Ball, location: 2F
2-2: Ball
3-2: Base on Balls
Batting: LHB Kien-lung Zou 0-0: Ball
1-0: Called Strike
1-1: Ball
2-1: Grounds into double play, 1-6-3 (Groundball, 13S, EV 69.4 MPH)
Batting: RHB Mario Arriero 0-0: Fly out, F9 (Flyball, 9LMF, EV 98.1 MPH)
Bottom of the 5th over - 0 runs, 0 hits, 0 errors, 0 left on base; Quad Cities 1 - Greenville 0
TOP OF THE 6TH
Quad Cities River Bandits batting - Pitching for Greenville Drive : RHP Michael Vazquez
Batting: RHB Duncan Collins 0-0: Called Strike
0-1: Ball
1-1: Foul Ball, location: 2F
1-2: Foul Ball, location: 2F
1-2: Foul Ball, location: 2F
1-2: Strikes out looking
Batting: RHB Cameron Rattenbury 0-0: Ball
1-0: Swinging Strike
1-1: SOLO HOME RUN (Flyball, 7D, EV 110.0 MPH), Distance : 414 ft
Batting: RHB Andrew Pride 0-0: Ball
1-0: Swinging Strike
1-1: Ball
2-1: Ball
3-1: Called Strike
3-2: Fly out, F4 (Popup, 34, EV 64.4 MPH)
Batting: RHB Omar Amaya 0-0: Ball
1-0: Called Strike
1-1: Called Strike
1-2: Fly out, F8 (Flyball, 8LD, EV 95.0 MPH)
Top of the 6th over - 1 run, 1 hit, 0 errors, 0 left on base; Quad Cities 2 - Greenville 0
BOTTOM OF THE 6TH
Greenville Drive batting - Pitching for Quad Cities River Bandits : LHP Kentaro Shimasaki
Batting: SHB Robert Soto 0-0: Ground out 5-3 (Groundball, 56, EV 87.5 MPH)
Batting: RHB Matt Parker 0-0: Ball
1-0: Ball
2-0: Ball
3-0: Called Strike
3-1: Foul Ball, location: 2F
3-2: Ground out 6-3 (Groundball, 6, EV 78.1 MPH)
Batting: LHB Robert Gonzalez 0-0: Foul Ball, location: 2F
0-1: Foul Ball, location: 2F
0-2: Strikes out looking
Bottom of the 6th over - 0 runs, 0 hits, 0 errors, 0 left on base; Quad Cities 2 - Greenville 0
TOP OF THE 7TH
Quad Cities River Bandits batting - Pitching for Greenville Drive : RHP Michael Vazquez
Pitching: RHP Jon Olivo
Batting: SHB Benoît Morin 0-0: Ball
1-0: Ball
2-0: Foul Ball, location: 2F
2-1: Foul Ball, location: 2F
2-2: Strikes out looking
Batting: RHB Oren Jones 0-0: Ball
1-0: Ball
2-0: Ball
3-0: Called Strike
3-1: Called Strike
3-2: Ground out 6-3 (Groundball, 6, EV 111.2 MPH)
Batting: RHB Xavier Castaneda 0-0: Ball
1-0: Ball
2-0: Foul Ball, location: 2F
2-1: Foul Ball, location: 2F
2-2: Strikes out looking
Top of the 7th over - 0 runs, 0 hits, 0 errors, 0 left on base; Quad Cities 2 - Greenville 0
BOTTOM OF THE 7TH
Greenville Drive batting - Pitching for Quad Cities River Bandits : LHP Kentaro Shimasaki
Batting: SHB Matsudaira Ikeda 0-0: Ball
1-0: Ball
2-0: Ball
3-0: Called Strike
3-1: Called Strike
3-2: Foul Ball, location: 2F
3-2: Foul Ball, location: 2F
3-2: Base on Balls
Batting: RHB Aukukero Tairi 0-0: Ground out 4-3 (Groundball, 13, EV 93.1 MPH)
Matsudaira Ikeda to second
Batting: SHB Salvador Padilla 0-0: Called Strike
0-1: Called Strike
0-2: Ball
1-2: Ball
2-2: Ball
3-2: Base on Balls
Batting: RHB Alex Cardenas 0-0: Called Strike
0-1: Ball
1-1: Fielders Choice at 2nd, 6-4 (Groundball, 6, EV 82.5 MPH)
Matsudaira Ikeda to third
Pinch Hitting: RHB Guillermo Quintero 0-0: Ball
1-0: Ball
2-0: Ball
3-0: Ground out 4-3 (Groundball, 4MS, EV 86.2 MPH)
Bottom of the 7th over - 0 runs, 0 hits, 0 errors, 2 left on base; Quad Cities 2 - Greenville 0
TOP OF THE 8TH
Quad Cities River Bandits batting - Pitching for Greenville Drive : RHP Jon Olivo
Now at 1B: Guillermo Quintero
Batting: RHB Sean Mounts 0-0: Ball
1-0: Ball
2-0: Fly out, F1 (Line Drive, P, EV 65.6 MPH)
Batting: LHB Bob Dietz 0-0: Called Strike
0-1: Ball
1-1: Ball
2-1: Foul Ball, location: 2F
2-2: Ball
3-2: Fly out, F7 (Flyball, 7, EV 93.1 MPH)
Batting: RHB Duncan Collins 0-0: TRIPLE (Flyball, 89XD, EV 110.0 MPH)
Batting: RHB Cameron Rattenbury 0-0: Ball
1-0: Swinging Strike
1-1: Foul Ball, location: 2F
1-2: Hit by Pitch
Batting: RHB Andrew Pride 0-0: Ball
Cameron Rattenbury steals 2nd base
1-0: Called Strike
1-1: Ground out 3-1 (Groundball, 34, EV 99.4 MPH)
Top of the 8th over - 0 runs, 1 hit, 0 errors, 2 left on base; Quad Cities 2 - Greenville 0
BOTTOM OF THE 8TH
Greenville Drive batting - Pitching for Quad Cities River Bandits : LHP Kentaro Shimasaki
Batting: RHB Mario Arriero 0-0: Foul Ball, location: 2F
0-1: Ball
1-1: Ball
2-1: Foul Ball, location: 2F
2-2: Ball
3-2: Strikes out swinging
Batting: SHB Robert Soto 0-0: Swinging Strike
0-1: Ball
1-1: Ball
2-1: Called Strike
2-2: SINGLE (Line Drive, 78S, EV 88.1 MPH)
Batting: RHB Matt Parker 0-0: Called Strike
0-1: Swinging Strike
0-2: Ground out 4-3 (Groundball, 34, EV 85.0 MPH)
Robert Soto to second
Pinch Hitting: RHB Adugna Chandu 0-0: Called Strike
0-1: Ball
1-1: Ball
2-1: Ball
3-1: Base on Balls
Pinch Runner at 2nd Blake Sams:
Batting: SHB Matsudaira Ikeda 0-0: Ball
Passed Ball!
Blake Sams to third
Adugna Chandu to second
1-0: Called Strike
1-1: Ball
2-1: Ball
3-1: Base on Balls
Batting: RHB Aukukero Tairi 0-0: Called Strike
0-1: Ball
1-1: Ball
2-1: Swinging Strike
2-2: Foul Ball, location: 2F
2-2: Ball
3-2: Base on Balls
Blake Sams scores
Adugna Chandu to third
Matsudaira Ikeda to second
Pitching: RHP Jose Herrera
Batting: SHB Salvador Padilla 0-0: Ball
1-0: Ball
2-0: Ball
3-0: Called Strike
3-1: Base on Balls
Adugna Chandu scores
Matsudaira Ikeda to third
Aukukero Tairi to second
Batting: RHB Alex Cardenas 0-0: Ball
1-0: Ball
2-0: Called Strike
2-1: Fly out, F4 (Popup, 3D, EV 76.2 MPH)
Bottom of the 8th over - 2 runs, 1 hit, 0 errors, 3 left on base; Quad Cities 2 - Greenville 2
TOP OF THE 9TH
Quad Cities River Bandits batting - Pitching for Greenville Drive : RHP Jon Olivo
Pitching: LHP Josh Turner
Now at C: Josh Smith
Now in RF: Blake Sams
Batting: RHB Omar Amaya 0-0: Ball
1-0: Fly out, F9 (Flyball, 9D, EV 106.9 MPH)
Pinch Hitting: LHB Jackson Trottier 0-0: Ball
1-0: Swinging Strike
1-1: Ball
2-1: Ball
3-1: Called Strike
3-2: Ground out 5-3 (Groundball, 5S, EV 75.6 MPH)
Batting: RHB Oren Jones 0-0: Swinging Strike
0-1: Foul Ball, location: 2F
0-2: Ball
1-2: Foul Ball, location: 2F
1-2: Strikes out swinging
Top of the 9th over - 0 runs, 0 hits, 0 errors, 0 left on base; Quad Cities 2 - Greenville 2
BOTTOM OF THE 9TH
Greenville Drive batting - Pitching for Quad Cities River Bandits : RHP Jose Herrera
Now in LF: Jose Chavez
Now in CF: Omar Amaya
Pinch Hitting: LHB Eddie Contreras 0-0: Called Strike
0-1: SOLO HOME RUN (Flyball, 9LD, EV 97.5 MPH), Distance : 389 ft
Bottom of the 9th over - 1 run, 1 hit, 0 errors, 0 left on base; Quad Cities 2 - Greenville 3
Sunday, July 16th , 2023 - OOTP Baseball 24.6 Build 69